Map: Ruines d’Endion

Players

Terra

  • Race: Terran Terran
  • League: Gold
  • Spawn Location: 7:00

zidar - Winner!

  • Race: Zerg Zerg
  • League: Gold
  • Spawn Location: 5:00

VOD

Have the link to the VOD?

Description

Time

  • Played on: July 3, 2016, 8:43 a.m.
  • Length: 8:59
Show
View Real Time Build Order
Export as new Build Order

Terra Terran 

Build Orders:  

Get SALT Encoding   

  12  0:01  SCV  
  13  0:15  Supply Depot  
  13  0:18  SCV  
  14  0:30  SCV  
  15  0:38  Barracks  
  15  0:45  Supply Depot  
  15  0:57  SCV  
  16  1:03  Refinery  
  16  1:09  SCV  
  17  1:13  Barracks  
  17  1:21  SCV  
  18  1:30  Marine  
  19  1:33  SCV  
  19  1:36  Engineering Bay  
  20  1:48  Orbital Command  
  20  1:51  Marine  
  21  2:07  Marine  
  22  2:13  Marine  
  23  2:24  Marine, Refinery, SCV  
  25  2:30  Marine  
  26  2:45  Command Center  
  26  2:49  Marine x2  
  28  2:59  Missile Turret  
  28  3:03  Missile Turret  
  28  3:08  Factory  
  28  3:11  Barracks Reactor x2  
  28  3:33  SCV  
  29  3:36  Terran Infantry Weapons Level 1  
  29  3:45  SCV  
  30  3:49  Marine  
  30  3:55  Starport  
  31  3:56  Marine x3  
  31  3:58  Supply Depot  
  34  4:05  SCV  
  35  4:11  Marine  
  35  4:14  Marine  
  35  4:15  Marine  
  38  4:17  SCV  
  39  4:24  Supply Depot  
  39  4:29  SCV  
  40  4:31  Factory Tech Lab  
  40  4:34  Starport Reactor  
  40  4:39  Missile Turret  
  40  4:41  Marine  
  40  4:42  Marine x2  
  43  4:49  Barracks  
  43  4:57  Supply Depot  
  43  4:59  Missile Turret  
  43  5:00  SCV  
  44  5:07  Liberator  
  44  5:08  Liberator  
  44  5:12  SCV  
  45  5:21  Missile Turret  
  50  5:48  Siege Tank  
  53  5:51  SCV  
  53  5:53  Barracks Tech Lab  
  53  5:54  Marine x2  
  56  6:02  Refinery  
  56  6:03  SCV  
  57  6:07  Medivac  
  59  6:17  Liberator  
  59  6:20  Siege Tank  
  55  6:27  SCV  
  56  6:39  SCV  
  47  6:51  SCV  
  47  6:52  Marine x5  
  45  7:03  SCV  
  40  7:15  SCV  
  33  7:31  Liberator x2  
  33  7:39  Planetary Fortress  
  33  7:49  Marine x4  
  33  7:50  Marine  
  41  8:07  Marine  
  37  8:19  Marine x2  
  33  8:21  Siege Tank  
Show
View Real Time Build Order
Export as new Build Order

zidar Zerg - Winner!

Build Orders: Hatch First 

Get SALT Encoding   

  12  0:01  Drone  
  13  0:12  Overlord  
  13  0:18  Drone  
  14  0:31  Drone x2  
  16  0:50  Hatchery  
  16  0:52  Drone  
  16  0:57  Extractor  
  16  0:59  Drone  
  16  1:11  Drone  
  16  1:12  Drone  
  16  1:18  Overlord  
  18  1:28  Drone  
  19  1:56  Spawning Pool  
  18  2:08  Overlord  
  18  2:10  Drone  
  18  2:11  Drone  
  18  2:15  Drone  
  21  2:16  Hatchery  
  20  2:31  Drone x4  
  20  2:34  Drone  
  25  2:39  Extractor  
  24  2:51  Roach Warren  
  24  2:54  Queen  
  25  3:02  Queen  
  27  3:08  Metabolic Boost  
  27  3:11  Drone  
  28  3:13  Drone  
  28  3:19  Drone x2  
  31  3:23  Drone  
  32  3:30  Queen  
  34  3:49  Roach x4  
  34  3:52  Overlord  
  34  3:53  Overlord  
  42  4:13  Roach  
  42  4:14  Roach x5  
  54  4:20  Evolution Chamber  
  53  4:24  Drone x3  
  53  4:27  Drone  
  57  4:32  Drone  
  58  4:41  Overlord x2  
  58  4:42  Overlord  
  58  4:59  Ravager x3  
  61  5:05  Roach x2  
  65  5:14  Roach x2  
  69  5:19  Drone x10  
  79  5:56  Overlord x2  
  79  5:57  Overlord  
  79  6:25  Roach x9  
  97  6:27  Ravager  
  82  7:11  Roach x8  
  83  8:02  Ravager  
  83  8:03  Ravager  
  85  8:06  Roach x6  
  97  8:31  Ravager  
Tags
 
Add a new tag
Caveats
  • Supply blocks, unpowered buildings, or Contaminate may cause inaccurate times.
  • Supply counts are checked every 10 seconds.